 Dungeon Crawl Stone Soup version 0.16-a0-4113-g7d8e295 (console) character file.

506 Monkaria the Ruffian (level 6, -6/61 HPs)
             Began as a Troll Chaos Knight on Mar 1, 2015.
             Mangled by an ogre
             ... wielding a +0 giant club
              (26 damage)
             ... on level 4 of the Dungeon.
             The game lasted 00:08:42 (2760 turns).

Monkaria the Ruffian (Troll Chaos Knight)           Turns: 2760, Time: 00:08:42

Health: -6/61      AC:  7    Str: 21    XL:     6   Next: 97%
Magic:  3/3        EV:  9    Int:  8    God:    Xom [..*...]
Gold:   176        SH:  0    Dex: 11    Spells: 0 memorised, 5 levels left

rFire  + . .     SeeInvis .       - Unarmed
rCold  . . .     Clarity  .     b - +2 robe
rNeg   . . .     SustAb   .     (shield restricted)
rPois  .         Gourm    +     (helmet restricted)
rElec  .         Spirit   .     (no cloak)
rCorr  +         Warding  .     (gloves unavailable)
rMut   .         Stasis   .     (boots unavailable)
MR     .....                    j - amulet of resist corrosion
Stlth  +.........               i - ring of protection from fire
                                (no ring)

@: not resistant to hostile enchantments, very unstealthy
A: unfitting armour, claws 3, fast metabolism 3, gourmand, regeneration 2,
shaggy fur 1, tough skin 2
a: Renounce Religion


You were on level 4 of the Dungeon.
You worshipped Xom.
You were a toy of Xom.
You were very full.

You visited 1 branch of the dungeon, and saw 4 of its levels.

You collected 176 gold pieces.

Inventory:

Missiles
 c - 37 poisoned needles
Armour
 b - a +2 robe (worn)
Jewellery
 e - an uncursed ring of teleportation
 i - a ring of protection from fire (right claw)
 j - an amulet of resist corrosion (around neck)
Magical devices
 k - a wand of digging (17)
Scrolls
 l - a scroll of immolation {unknown}
 n - 2 scrolls of identify
Potions
 f - a potion of brilliance
 h - a potion of curing
 o - a potion of cure mutation
Comestibles
 a - 4 meat rations
 d - 2 chunks of flesh
 g - 3 beef jerkies
 m - 3 bread rations


   Skills:
 - Level 3.0 Fighting
 - Level 1.5 Armour
 - Level 0.7 Dodging
 + Level 7.6 Unarmed Combat


You had 5 spell levels left.
You didn't know any spells.

Dungeon Overview and Level Annotations

Branches:
Dungeon (4/15)
 Temple: D:4-7

Altars:
Gozag


Innate Abilities, Weirdness & Mutations

You are too large for most types of armour.
You have claws for hands.
Your metabolism is lightning-fast.
You like to eat raw meat.
You heal very quickly.
You are covered in fur (AC +1).
You have very tough skin (AC +2).


Message History

The ogre shouts!
An ogre is nearby!
Found a dagger.
You are now a toy of Xom.
You see here a scroll labeled ITEIP BOGIQ.
l - a scroll labeled ITEIP BOGIQ The ogre misses you.
You claw the ogre!
The ogre begins to bleed from its wounds!
The ogre is moderately wounded.
The ogre hits you with a giant club!
You claw the ogre!
The ogre is heavily wounded.
You scratch the ogre.
The ogre is severely wounded.
The ogre hits you with a giant club!!
You scratch the ogre.
The ogre is severely wounded.
The ogre hits you with a giant club!!
You die...

### #.#######
##......###
##...))... #########
#####....#####
#.)......###........#
.......O@..........(#
###..############...#
#...# ##..# ...# ..#
.


You could see an ogre (bleeding).

Vanquished Creatures
  Grinder (D:3)
  An ogre (D:4)
  A hound (D:3)
  Jessica (D:3)
  4 gnolls (D:3)
  An adder (D:2)
  7 worms
  5 oozes
  6 orcs (D:3)
  15 hobgoblins
  2 jackals (D:1)
  15 kobolds
  3 ball pythons
  14 bats
  8 giant cockroaches
  4 giant geckos
  11 giant newts
  6 goblins
  16 rats
121 creatures vanquished.

Notes
Turn   | Place    | Note
--------------------------------------------------------------
     0 | D:1      | Monkaria, the Troll Chaos Knight, began the quest for the Orb.
     0 | D:1      | Reached XP level 1. HP: 22/22 MP: 1/1
     1 | D:1      | Found a runed door.
   218 | D:1      | Reached XP level 2. HP: 25/29 MP: 1/1
   301 | D:1      | XOM: divination: detect items
   759 | D:1      | Reached XP level 3. HP: 34/37 MP: 2/2
   773 | D:1      | XOM: enchant monster (good)
   775 | D:1      | XOM: cast spell 'Beastly Appendage'
   820 | D:2      | Reached skill level 4 in Unarmed Combat
   979 | D:2      | Reached XP level 4. HP: 40/45 MP: 2/2
  1228 | D:2      | XOM: divination: magic mapping
  1495 | D:2      | XOM: confuse monster(s)
  1524 | D:3      | Noticed Grinder
  1525 | D:3      | Gained mutation: Your flesh is heat resistant. [potion of beneficial mutation]
  1528 | D:3      | Gained mutation: Your muscles are strong. (Str +2) [potion of mutation]
  1528 | D:3      | Gained mutation: You are robust (+10% HP). [potion of mutation]
  1528 | D:3      | Gained mutation: You are partially covered in rugged brown scales (AC +1, +3% HP). [potion of mutation]
  1529 | D:3      | Lost mutation: Your flesh is heat resistant. [potion of cure mutation]
  1529 | D:3      | Lost mutation: You are partially covered in rugged brown scales (AC +1, +3% HP). [potion of cure mutation]
  1529 | D:3      | Lost mutation: Your muscles are strong. (Str +2) [potion of cure mutation]
  1529 | D:3      | Lost mutation: You are robust (+10% HP). [potion of cure mutation]
  1534 | D:3      | Killed Grinder
  1534 | D:3      | Reached skill level 6 in Unarmed Combat
  1534 | D:3      | Reached XP level 5. HP: 50/53 MP: 2/2
  1534 | D:3      | Reached XP level 6. HP: 57/61 MP: 3/3
  1557 | D:3      | Noticed Jessica
  1565 | D:3      | Killed Jessica
  1670 | D:3      | Found an opulent altar of Gozag.
  1886 | D:3      | XOM: enchant monster (good)
  2289 | D:3      | Reached skill level 7 in Unarmed Combat
  2733 | D:4      | XOM: harmless Air miscast
  2760 | D:4      | Mangled by an ogre

Action                   |  1- 3 |  4- 6 || total
-------------------------+-------+-------++-------
Melee: Unarmed           |   141 |   189 ||   330
  Use: Potion            |       |     8 ||     8
       Scroll            |       |     6 ||     6
 Stab: Sleeping          |       |     2 ||     2
  Eat: Chunk             |    14 |    16 ||    30
